TOP OF THE 1ST |
Key West Barracudas batting - Pitching for BlackIron Dragons : RHP Eddie Huber
|
Pitching: RHP Eddie Huber
|
|
Batting: RHB Rob DeWitt
|
0-0: Fly out, F8 (Flyball, 8RD)
|
Batting: RHB Ramón Díaz
|
0-0: Ball 1-0: Ball 2-0: Foul Ball, location: 2F 2-1: Foul Ball, location: 2F 2-2: Ball 3-2: Foul Ball, location: 2F 3-2: SINGLE (Flyball, 9LS)
|
Batting: SHB Brock Owens
|
0-0: Called Strike 0-1: Fielders Choice at 2nd, 1-4 (Groundball, 15S)
|
Batting: RHB Cris Lugo
|
0-0: Ball Brock Owens is caught stealing 2nd base
|
Top of the 1st over - 0 runs, 1 hit, 0 errors, 0 left on base; Key West 0 - BlackIron 0 |
BOTTOM OF THE 1ST |
BlackIron Dragons batting - Pitching for Key West Barracudas : RHP Chuck Davies
|
Pitching: RHP Chuck Davies
|
|
Batting: RHB Joaquín Valenzuela
|
0-0: Called Strike 0-1: Ball 1-1: Foul Ball, location: 2F 1-2: Ball 2-2: Ball 3-2: Base on Balls
|
Batting: SHB David Boyle
|
0-0: Reached on error, E1 (Groundball, 13) Joaquín Valenzuela to second
|
Batting: LHB José Martínez
|
0-0: Fly out, F4 (Popup, 4D)
|
Batting: RHB Jimmy King
|
0-0: Called Strike 0-1: Called Strike 0-2: Ball 1-2: Ball 2-2: Fly out, F7 (Line Drive, 7)
|
Batting: RHB Millard Long
|
0-0: Swinging Strike 0-1: Called Strike 0-2: Ball 1-2: Ground out 4-3 (Groundball, 34)
|
Bottom of the 1st over - 0 runs, 0 hits, 1 error, 2 left on base; Key West 0 - BlackIron 0 |
TOP OF THE 2ND |
Key West Barracudas batting - Pitching for BlackIron Dragons : RHP Eddie Huber
|
Batting: RHB Cris Lugo
|
0-0: Foul Ball, location: 2F 0-1: Ball 1-1: Foul Ball, location: 2F 1-2: Ball 2-2: Foul Ball, location: 2F 2-2: Ball 3-2: Base on Balls
|
Batting: SHB Júlio Ayala
|
0-0: Ball 1-0: Called Strike 1-1: Foul Ball, location: 2F 1-2: Ball 2-2: Ball 3-2: Foul Ball, location: 2F 3-2: Foul Ball, location: 2F 3-2: SINGLE (Groundball, 34D) Cris Lugo to second Runner from 2nd tries for 3rd, SAFE, no throw
|
Batting: LHB Howard White
|
0-0: Ground out 2-3 (Groundball, 15S) Júlio Ayala to second
|
Batting: RHB Anastasio Zartuche
|
0-0: Ball 1-0: SINGLE (Groundball, 4MD) Cris Lugo scores Júlio Ayala to third
|
Batting: SHB Eric Pimentel
|
0-0: Ball 1-0: Ball 2-0: Foul Ball, location: 2F 2-1: Foul Ball, location: 2F 2-2: Ball 3-2: Foul Ball, location: 2F 3-2: Strikes out swinging
|
Batting: RHB Ramiro Javier
|
0-0: Ball 1-0: Swinging Strike 1-1: Foul Ball, location: 2F 1-2: Foul Ball, location: 2F 1-2: Foul Ball, location: 2F 1-2: Strikes out swinging
|
Top of the 2nd over - 1 run, 2 hits, 0 errors, 2 left on base; Key West 1 - BlackIron 0 |
BOTTOM OF THE 2ND |
BlackIron Dragons batting - Pitching for Key West Barracudas : RHP Chuck Davies
|
Batting: RHB Alexander Barr
|
0-0: Ground out 6-3 (Groundball, 6)
|
Batting: LHB Roy Woods
|
0-0: Swinging Strike 0-1: Ball 1-1: Foul Ball, location: 2F 1-2: Ground out 2-3 (Groundball, 2L)
|
Batting: RHB Júlio Rodríguez
|
0-0: Reached on error, E6 (Groundball, 6)
|
Batting: RHB Randall Walker
|
0-0: Swinging Strike 0-1: Ball 1-1: Foul Ball, location: 2F 1-2: Ball 2-2: Ball 3-2: Foul Ball, location: 2F 3-2: Base on Balls Júlio Rodríguez to second
|
Batting: RHB Joaquín Valenzuela
|
0-0: Called Strike 0-1: Called Strike 0-2: Ball 1-2: Ball 2-2: Strikes out swinging
|
Bottom of the 2nd over - 0 runs, 0 hits, 1 error, 2 left on base; Key West 1 - BlackIron 0 |
TOP OF THE 3RD |
Key West Barracudas batting - Pitching for BlackIron Dragons : RHP Eddie Huber
|
Batting: RHB Rob DeWitt
|
0-0: Ball 1-0: Swinging Strike 1-1: Foul Ball, location: 2F 1-2: Strikes out swinging
|
Batting: RHB Ramón Díaz
|
0-0: Ball 1-0: Foul Ball, location: 2F 1-1: Foul Ball, location: 2F 1-2: Ball 2-2: Strikes out swinging
|
Batting: SHB Brock Owens
|
0-0: Swinging Strike 0-1: Called Strike 0-2: Ball 1-2: Ball 2-2: Ground out 6-3 (Groundball, 6M)
|
Top of the 3rd over - 0 runs, 0 hits, 0 errors, 0 left on base; Key West 1 - BlackIron 0 |
BOTTOM OF THE 3RD |
BlackIron Dragons batting - Pitching for Key West Barracudas : RHP Chuck Davies
|
Batting: SHB David Boyle
|
0-0: Ball 1-0: Foul Ball, location: 2F 1-1: SINGLE (Line Drive, 4M)
|
Batting: LHB José Martínez
|
0-0: Ball 1-0: Ground out U3 (Groundball, 3L) David Boyle to second
|
Batting: RHB Jimmy King
|
0-0: Ball 1-0: Ball 2-0: Ground out 3-1 (Groundball, 34) David Boyle to third
|
Batting: RHB Millard Long
|
0-0: Ball 1-0: Called Strike 1-1: Foul Ball, location: 2F 1-2: Ball 2-2: Ball 3-2: Base on Balls
|
Batting: RHB Alexander Barr
|
0-0: Called Strike 0-1: Ball 1-1: Ball 2-1: Swinging Strike 2-2: Strikes out swinging
|
Bottom of the 3rd over - 0 runs, 1 hit, 0 errors, 2 left on base; Key West 1 - BlackIron 0 |
TOP OF THE 4TH |
Key West Barracudas batting - Pitching for BlackIron Dragons : RHP Eddie Huber
|
Batting: RHB Cris Lugo
|
0-0: Ball 1-0: Ball 2-0: Fly out, F8 (Flyball, 89D)
|
Batting: SHB Júlio Ayala
|
0-0: Called Strike 0-1: Called Strike 0-2: Strikes out swinging, 2-3 out at first.
|
Batting: LHB Howard White
|
0-0: Called Strike 0-1: SINGLE (Line Drive, 34D)
|
Batting: RHB Anastasio Zartuche
|
0-0: Ball 1-0: SINGLE (Groundball, 6M) (infield hit) Howard White to second
|
Batting: SHB Eric Pimentel
|
0-0: Fielders Choice at 2nd, 6-4 (Groundball, 6)
|
Top of the 4th over - 0 runs, 2 hits, 0 errors, 2 left on base; Key West 1 - BlackIron 0 |
BOTTOM OF THE 4TH |
BlackIron Dragons batting - Pitching for Key West Barracudas : RHP Chuck Davies
|
Batting: LHB Roy Woods
|
0-0: Ball 1-0: Fly out, F7 (Flyball, 7LSF)
|
Batting: RHB Júlio Rodríguez
|
0-0: Ball 1-0: SINGLE (Flyball, 78S)
|
Batting: RHB Randall Walker
|
0-0: Ball 1-0: Called Strike 1-1: Ball 2-1: Foul Ball, location: 2F 2-2: Strikes out swinging
|
Batting: RHB Joaquín Valenzuela
|
0-0: Called Strike 0-1: SINGLE (Groundball, 4S) (infield hit) Júlio Rodríguez to second
|
Batting: SHB David Boyle
|
0-0: Ball 1-0: Called Strike 1-1: Foul Ball, location: 2F 1-2: Ball 2-2: Ball 3-2: Ground out 3-1 (Groundball, 34)
|
Bottom of the 4th over - 0 runs, 2 hits, 0 errors, 2 left on base; Key West 1 - BlackIron 0 |
TOP OF THE 5TH |
Key West Barracudas batting - Pitching for BlackIron Dragons : RHP Eddie Huber
|
Batting: RHB Ramiro Javier
|
0-0: Fly out, F3 (Popup, 34S)
|
Batting: RHB Rob DeWitt
|
0-0: Called Strike 0-1: Called Strike 0-2: Strikes out swinging
|
Batting: RHB Ramón Díaz
|
0-0: Foul Ball, location: 2F 0-1: Called Strike 0-2: Ball 1-2: Ball 2-2: Ball 3-2: TRIPLE (Flyball, 8RXD)
|
Batting: SHB Brock Owens
|
0-0: Ball 1-0: Ball 2-0: Foul Ball, location: 2F 2-1: Foul Ball, location: 2F 2-2: SINGLE (Flyball, 9LS) Ramón Díaz scores
|
Batting: RHB Cris Lugo
|
0-0: Ball 1-0: Called Strike 1-1: Ball 2-1: Fly out, F9 (Flyball, 89M)
|
Top of the 5th over - 1 run, 2 hits, 0 errors, 1 left on base; Key West 2 - BlackIron 0 |
BOTTOM OF THE 5TH |
BlackIron Dragons batting - Pitching for Key West Barracudas : RHP Chuck Davies
|
Batting: LHB José Martínez
|
0-0: Ball 1-0: Ball 2-0: Ball 3-0: Called Strike 3-1: Base on Balls
|
Batting: RHB Jimmy King
|
0-0: SINGLE (Groundball, 56S) (infield hit) José Martínez to second
|
Batting: RHB Millard Long
|
0-0: Foul Ball, location: 2F 0-1: Grounds into double play, 6-4-3 (Groundball, 6) José Martínez to third
|
Batting: RHB Alexander Barr
|
0-0: Swinging Strike 0-1: Ball 1-1: Called Strike 1-2: Foul Ball, location: 2F 1-2: Strikes out swinging
|
Bottom of the 5th over - 0 runs, 1 hit, 0 errors, 1 left on base; Key West 2 - BlackIron 0 |
TOP OF THE 6TH |
Key West Barracudas batting - Pitching for BlackIron Dragons : RHP Eddie Huber
|
Batting: SHB Júlio Ayala
|
0-0: Ball 1-0: Swinging Strike 1-1: SOLO HOME RUN (Flyball, 78XD), Distance : 419 ft
|
Batting: LHB Howard White
|
0-0: Foul Ball, location: 2F 0-1: Swinging Strike 0-2: Ball 1-2: Foul Ball, location: 2F 1-2: Ground out U3 (Groundball, 3L)
|
Batting: RHB Anastasio Zartuche
|
0-0: Foul Ball, location: 2F 0-1: Foul Ball, location: 2F 0-2: DOUBLE (Line Drive, 89D)
|
Batting: SHB Eric Pimentel
|
0-0: Intentional Walk
|
Batting: RHB Ramiro Javier
|
0-0: Fielders Choice at 2nd, 3-6 (Groundball, 34) Anastasio Zartuche to third
|
Batting: RHB Rob DeWitt
|
0-0: Called Strike 0-1: Ball 1-1: Ball 2-1: Ball 3-1: Base on Balls Ramiro Javier to second
|
Batting: RHB Ramón Díaz
|
0-0: Ball 1-0: Swinging Strike 1-1: Swinging Strike 1-2: Fly out, F9 (Flyball, 9D)
|
Top of the 6th over - 1 run, 2 hits, 0 errors, 3 left on base; Key West 3 - BlackIron 0 |
BOTTOM OF THE 6TH |
BlackIron Dragons batting - Pitching for Key West Barracudas : RHP Chuck Davies
|
Batting: LHB Roy Woods
|
0-0: Called Strike 0-1: Foul Ball, location: 2F 0-2: Ball 1-2: Ground out U3 (Groundball, 3L)
|
Batting: RHB Júlio Rodríguez
|
0-0: Ball 1-0: Ball 2-0: Called Strike 2-1: Ground out 4-3 (Groundball, 6MD)
|
Batting: RHB Randall Walker
|
0-0: Called Strike 0-1: Called Strike 0-2: Ball 1-2: Foul Ball, location: 2F 1-2: Strikes out looking
|
Bottom of the 6th over - 0 runs, 0 hits, 0 errors, 0 left on base; Key West 3 - BlackIron 0 |
TOP OF THE 7TH |
Key West Barracudas batting - Pitching for BlackIron Dragons : RHP Eddie Huber
|
Pitching: LHP Nick Walters
|
|
Batting: SHB Brock Owens
|
0-0: Ball 1-0: Swinging Strike 1-1: Foul Ball, location: 2F 1-2: Foul Ball, location: 2F 1-2: Strikes out swinging
|
Batting: RHB Cris Lugo
|
0-0: Ball 1-0: Ball 2-0: Ground out 5-3 (Groundball, 5L)
|
Batting: SHB Júlio Ayala
|
0-0: Ball 1-0: Called Strike 1-1: Called Strike 1-2: Ball 2-2: Foul Ball, location: 2F 2-2: Ball 3-2: Base on Balls
|
Batting: LHB Howard White
|
0-0: Foul Ball, location: 2F 0-1: Foul Ball, location: 2F 0-2: Strikes out swinging
|
Top of the 7th over - 0 runs, 0 hits, 0 errors, 1 left on base; Key West 3 - BlackIron 0 |
BOTTOM OF THE 7TH |
BlackIron Dragons batting - Pitching for Key West Barracudas : RHP Chuck Davies
|
Batting: RHB Joaquín Valenzuela
|
0-0: Ball 1-0: Called Strike 1-1: Foul Ball, location: 2F 1-2: Ball 2-2: Ball 3-2: Strikes out swinging
|
Pitching: RHP Mathew Wilcox
|
|
Batting: SHB David Boyle
|
0-0: Called Strike 0-1: Foul Ball, location: 2F 0-2: Ball 1-2: Strikes out looking
|
Batting: LHB José Martínez
|
0-0: Ball 1-0: Ball 2-0: Fly out, F5 (Popup, 25)
|
Bottom of the 7th over - 0 runs, 0 hits, 0 errors, 0 left on base; Key West 3 - BlackIron 0 |
TOP OF THE 8TH |
Key West Barracudas batting - Pitching for BlackIron Dragons : LHP Nick Walters
|
Batting: RHB Anastasio Zartuche
|
0-0: Swinging Strike 0-1: Swinging Strike 0-2: SINGLE (Line Drive, 78S)
|
Batting: SHB Eric Pimentel
|
0-0: Foul Ball, location: 2F 0-1: Ball 1-1: Swinging Strike 1-2: Fly out, F9 (Flyball, 9LM)
|
Batting: RHB Ramiro Javier
|
0-0: Called Strike 0-1: Ball 1-1: Ball Wild Pitch! Anastasio Zartuche to second 2-1: Foul Ball, location: 2F 2-2: Foul Ball, location: 2F 2-2: Ball 3-2: Strikes out swinging
|
Batting: RHB Rob DeWitt
|
0-0: Ball 1-0: Called Strike 1-1: Ground out 1-3 (Groundball, 13)
|
Top of the 8th over - 0 runs, 1 hit, 0 errors, 1 left on base; Key West 3 - BlackIron 0 |
BOTTOM OF THE 8TH |
BlackIron Dragons batting - Pitching for Key West Barracudas : RHP Mathew Wilcox
|
Batting: RHB Jimmy King
|
0-0: Ball 1-0: Ball 2-0: Ball 3-0: Base on Balls
|
Batting: RHB Millard Long
|
0-0: Ball 1-0: Fly out, F3 (Popup, 3F)
|
Batting: RHB Alexander Barr
|
0-0: Ball 1-0: Swinging Strike 1-1: SINGLE (Line Drive, 5D) Jimmy King to second
|
Batting: LHB Roy Woods
|
0-0: Fielders Choice at 2nd, 3-6 (Groundball, 3) Jimmy King to third
|
Batting: RHB Júlio Rodríguez
|
0-0: Called Strike 0-1: Ball 1-1: Ball 2-1: Ground out 5-3 (Groundball, 56S)
|
Bottom of the 8th over - 0 runs, 1 hit, 0 errors, 2 left on base; Key West 3 - BlackIron 0 |
TOP OF THE 9TH |
Key West Barracudas batting - Pitching for BlackIron Dragons : LHP Nick Walters
|
Batting: RHB Ramón Díaz
|
0-0: Ball 1-0: Ball 2-0: Foul Ball, location: 2F 2-1: Foul Ball, location: 2F 2-2: Ball 3-2: Foul Ball, location: 2F 3-2: Base on Balls
|
Batting: SHB Brock Owens
|
0-0: Ball 1-0: Foul Ball, location: 2F 1-1: Foul Ball, location: 2F 1-2: SINGLE (Flyball, 9S) Ramón Díaz to second
|
Batting: RHB Cris Lugo
|
0-0: Ball 1-0: Ball 2-0: Fly out, F8 (Flyball, 8LM)
|
Batting: SHB Júlio Ayala
|
0-0: Ball 1-0: Ball 2-0: Ball 3-0: Called Strike 3-1: Base on Balls Ramón Díaz to third Brock Owens to second
|
Pinch Hitting: RHB Domingo Hernández
|
0-0: Called Strike 0-1: Ball 1-1: Ball 2-1: Foul Ball, location: 2F 2-2: SINGLE (Flyball, 89M) Ramón Díaz scores Brock Owens to third Júlio Ayala to second Runner from 3rd tries for Home, SAFE, no throw
|
Batting: RHB Anastasio Zartuche
|
0-0: Swinging Strike 0-1: Ball 1-1: Fly out, F8 (Flyball, 8LD)
|
Pitching: RHP António Molina
|
|
Batting: SHB Eric Pimentel
|
0-0: Ball 1-0: Called Strike 1-1: Swinging Strike 1-2: Ball 2-2: Foul Ball, location: 2F 2-2: Ball 3-2: Strikes out swinging
|
Top of the 9th over - 2 runs, 2 hits, 0 errors, 2 left on base; Key West 5 - BlackIron 0 |
BOTTOM OF THE 9TH |
BlackIron Dragons batting - Pitching for Key West Barracudas : RHP Mathew Wilcox
|
Now in RF: Scotty Hicks
|
|
Batting: RHB Randall Walker
|
0-0: Ball 1-0: Foul Ball, location: 2F 1-1: Swinging Strike 1-2: Ball 2-2: Strikes out looking
|
Batting: RHB Joaquín Valenzuela
|
0-0: Foul Ball, location: 2F 0-1: Ball 1-1: Fly out, F4 (Line Drive, 4)
|
Batting: SHB David Boyle
|
0-0: Ball 1-0: Ground out 5-3 (Groundball, 5)
|
Bottom of the 9th over - 0 runs, 0 hits, 0 errors, 0 left on base; Key West 5 - BlackIron 0 |
|